 Dungeon Crawl Stone Soup version 0.31.0-9-g3a7656b989 (webtiles) character file.

Game seed: 10387352917903081071

9 Colgate the Poker (level 2, 16/24 HPs)
             Began as a Demonspawn Cinder Acolyte on Feb 1, 2024.
             Was a High Priest of Ignis.
             Quit the game on level 1 of the Dungeon.
             The game lasted 00:00:13 (634 turns).

Colgate the Poker (Demonspawn Cinder Acolyte)        Turns: 634, Time: 00:00:13

Health: 16/24      AC:  2    Str: 14    XL:     2   Next: 3%
Magic:  3/3        EV:  8    Int: 14    God:    Ignis [*****.]
Gold:   31         SH:  0    Dex:  8    Spells: 3/3 levels left

rFire   + . .        a - -1 spear (flame)
rCold   . . .        (no shield)
rNeg    . . .        b - +0 robe
rPois   .            (no helmet)
rElec   .            (no cloak)
rCorr   .            (no gloves)
SInv    .            (no boots)
Will    .....        (no amulet)
Stlth   +            (no ring)
HPRegen 0.24/turn    (no ring)
MPRegen 0.08/turn

%: no passive effects
@: constricted
A: powered by pain 1
a: Renounce Religion, Fiery Armour, Foxfire Swarm, Rising Flame


You were on level 1 of the Dungeon.
You worshipped Ignis.
Ignis was extremely pleased with you.
You visited 1 branch of the dungeon, and saw 1 of its levels.

You collected 31 gold pieces.

Inventory:

Hand Weapons
 a - a -1 spear of flaming (weapon)
Armour
 b - a +0 robe (worn)
Jewellery
 d - a +6 ring of dexterity
 g - an amulet of magic regeneration
Scrolls
 f - a scroll of identify {unknown}
Potions
 c - a potion of resistance {unknown}
 e - 3 potions of brilliance {unknown}
 h - a potion of haste {unknown}


   Skills:
 - Level 3.0 Fighting
 + Level 3.2 Polearms
 - Level 1.0 Spellcasting
 - Level 2.6 Fire Magic


You had 3 spell levels left.
You didn't know any spells.
Your spell library contained the following spells:

 Spells                   Type           Power      Damage    Failure   Level
 Scorch                   Fire           16%        2d5       13%         2
 Magic Dart               Conj           0%         1d3       26%         1
 Blink                    Tloc           0%         N/A       36%         2
 Call Imp                 Summ           0%         N/A       36%         2


Dungeon Overview and Level Annotations

Branches:
Dungeon (1/15)

Altars:


Innate Abilities, Weirdness & Mutations

You sometimes gain a little power by taking damage.


Message History

A ball python comes into view.
The kobold throws a stone.
The stone closely misses you.
There are monsters nearby!
The ball python hisses angrily.
There are monsters nearby!
An endoplasm comes into view.
Found an emerald potion.
There are monsters nearby!
You reach to attack!
You closely miss the ball python.
The endoplasm quivers.
The endoplasm jiggles.
There are monsters nearby!
You hit the ball python but do no damage.
The ball python barely misses you. x2
A ball python comes into view.
The kobold barely misses you.
There are monsters nearby!
The ball python hisses angrily.
You hit the ball python. You burn the ball python.
You kill the ball python!
The kobold hits you with a +0 short sword.
There are monsters nearby!
You barely miss the kobold. The kobold closely misses you.
There are monsters nearby!
You hit the endoplasm but do no damage. The endoplasm hits you.
The kobold hits you with a +0 short sword.
There are monsters nearby!
You hit the endoplasm. You burn the endoplasm.
The endoplasm closely misses you.
The kobold hits you with a +0 short sword.
There are monsters nearby!
You hit the endoplasm but do no damage.
There are monsters nearby!
You hit the endoplasm. You burn the endoplasm.
You kill the endoplasm!
The kobold closely misses you. The ball python barely misses you.
The ball python grabs you. The ball python constricts you.
You have reached level 2!
Your demonic ancestry asserts itself...
You feel energised by your suffering.
Are you sure you want to abandon this character and quit the game? (Confirm with "yes".)

# # # . # ### .# ..# ..!
###.# .... # ##.#.#
.....
###########....###......
................@S......
###########......K.!....
....# #..#.###......
###.# #.##:# .#.... #.#
......# # ... # #.#
#.#.#### +# # #.# #.#.#
# #.# # #?# # #.#


You could see a ball python and a kobold.

Vanquished Creatures
  A dart slug (D:1)
  2 endoplasms (D:1)
  A giant cockroach (D:1)
  2 ball pythons (D:1)
  A kobold (D:1)
7 creatures vanquished.

Notes
Turn   | Place    | Note
-------+----------+-------------------------------------------
     0 | D:1      | Colgate the Demonspawn Cinder Acolyte began the quest for
                  | the Orb.
     0 | D:1      | Reached XP level 1. HP: 18/18 MP: 2/2
   634 | D:1      | Gained mutation: You sometimes gain a little power by
                  | taking damage. [demonic ancestry]
   634 | D:1      | Reached XP level 2. HP: 16/24 MP: 3/3
   634 | D:1      | Quit the game

Illustrated notes

Levels and vault maps discovered:
D:1:      giann_wishing_wells, layout_loops_corners

Skill      XL: |  1 |
---------------+----+-----
Polearms       | 3 |  3.2
Fighting       | |  3.0
Spellcasting   | |  1.0
Fire Magic     | |  2.6

Action                     || total
---------------------------++-------
  Melee: Spear             ||    20
 Armour: Robe              ||     5
  Dodge: Dodged            ||    13
